 Dungeon Crawl Stone Soup version 0.31-a0-765-g67fe2935dc (webtiles) character file.

Game seed: 15729625660047404774

101 ReallyHexed the Chopper (level 4, 0/37 HPs)
             Began as a Minotaur Gladiator on Sept 15, 2023.
             Slain by a gnoll
             ... wielding a +0 halberd
              (3 damage)
             ... on level 2 of the Dungeon.
             The game lasted 00:03:14 (1127 turns).

ReallyHexed the Chopper (Minotaur Gladiator)        Turns: 1127, Time: 00:03:14

Health: 0/37       AC:  6    Str: 20    XL:     4   Next: 48%
Magic:  3/3        EV: 12    Int:  5    God:
Gold:   60         SH:  0    Dex: 12    Spells: 3/3 levels left

rFire   . . .        a - +0 war axe
rCold   . . .        (no shield)
rNeg    . . .        j - +0 ring mail
rPois   .            c - +0 hat
rElec   .            (no cloak)
rCorr   .            i - +0 pair of gloves
SInv    .            (no boots)
Will    .....        (no amulet)
Stlth   +            (no ring)
HPRegen 0.26/turn    (no ring)
MPRegen 0.08/turn

%: no passive effects
@: no status effects
A: horns 2, retaliatory headbutt
a: no special abilities


You were on level 2 of the Dungeon.
You visited 1 branch of the dungeon, and saw 2 of its levels.

You collected 60 gold pieces.

Inventory:

Hand Weapons
 a - a +0 war axe (weapon)
Missiles
 d - 3 throwing nets (quivered)
 e - a javelin
Armour
 b - a +0 leather armour
 c - a +0 hat (worn)
 i - a +0 pair of gloves (worn)
 j - a +0 ring mail (worn)
Scrolls
 f - a scroll of teleportation {unknown}
 g - 2 scrolls of identify {unknown}
 k - a scroll of noise {unknown}
Potions
 h - 2 potions of heal wounds {unknown}
 l - 2 potions of might {unknown}


   Skills:
 + Level 2.8 Fighting
 + Level 4.8 Axes
 + Level 2.0 Throwing
 + Level 2.3 Armour
 + Level 4.1 Dodging


You had 3 spell levels left.
You didn't know any spells.
Your spell library contained the following spells:

 Spells                   Type           Power      Damage    Failure   Level
 Tukima's Dance           Hex            0%         N/A       95%         3
 Dimensional Bullseye     Hex/Tloc       0%         N/A       100%        4
 Iskenderun's Mystic Bla  Conj/Tloc      0%         2d3       100%        4


Dungeon Overview and Level Annotations

Branches:
Dungeon (2/15)

Altars:


Innate Abilities, Weirdness & Mutations

You have a pair of horns on your head.
You reflexively headbutt those who attack you in melee.


Message History

The gnoll hits you with a +0 whip.
You hit the gnoll. You headbutt the gnoll.
The gnoll is moderately wounded.
You hit the ball python.
The ball python bites you but does no damage.
The ball python barely misses you. The gnoll hits you with a +0 whip.
The ball python bites you but does no damage.
The ball python grabs you. The ball python constricts you.
You barely miss the gnoll.
The gnoll is moderately wounded.
You closely miss the ball python. The ball python closely misses you.
You furiously retaliate!
You headbutt the ball python. The ball python constricts you.
The gnoll hits you with a +0 whip!
You hit the gnoll.
The gnoll is severely wounded.
You barely miss the ball python. The ball python barely misses you.
You furiously retaliate!
You headbutt the ball python.
You kill the ball python!
The gnoll hits you with a +0 whip.
You barely miss the gnoll.
The gnoll is severely wounded.
The gnoll barely misses you. The gnoll hits you with a +0 whip.
The gnoll barely misses you. The gnoll hits you with a +0 whip.
* * * LOW HITPOINT WARNING * * *
You slash the gnoll!
You kill the gnoll!
You barely miss the gnoll. The gnoll misses you. The gnoll closely misses you.
You slash the gnoll!
The gnoll is severely wounded.
You hit the gnoll.
The gnoll hits you from afar with a +0 halberd!
* * * LOW HITPOINT WARNING * * *
The gnoll closely misses you. You furiously retaliate!
You headbutt the gnoll!
You kill the gnoll!
The gnoll closely misses you. The gnoll attacks as it pursues you!
The gnoll barely misses you.
You drop 2 metallic brown potions.
h - 2 metallic brown potions The gnoll hits you from afar with a +0 halberd.
You die...

####..##
......###
!.⌠.... #
....# .# #)†#
#.# #g# #..#
#g##..#
#.)..# #@..##
##.### ##..#
#..## ##.##
.##..### .
.##....# ..
#.##.##.##
#.##........#


You could see 2 gnolls.

Vanquished Creatures
  3 gnolls
  3 adders (D:2)
  A dart slug (D:1)
  5 ball pythons
  7 bats
  3 endoplasms (D:1)
  2 giant cockroaches
  A goblin (D:2)
  4 jackals (D:1)
  3 quokkas (D:1)
  4 frilled lizards (D:1)
  3 kobolds (D:1)
  3 rats (D:1)
42 creatures vanquished.

Notes
Turn   | Place    | Note
-------+----------+-------------------------------------------
     0 | D:1      | ReallyHexed the Minotaur Gladiator began the quest for the
                  | Orb.
     0 | D:1      | Reached XP level 1. HP: 18/18 MP: 0/0
   145 | D:1      | Reached XP level 2. HP: 24/25 MP: 1/1
   372 | D:1      | Reached XP level 3. HP: 29/30 MP: 2/2
   725 | D:1      | Reached skill level 1 in Armour
  1061 | D:2      | Reached XP level 4. HP: 33/37 MP: 3/3
  1127 | D:2      | Slain by a gnoll

Illustrated notes

Levels and vault maps discovered:
D:1:      saegor_arrival_simple_b, layout_basic, chequers_avenue,
          minmay_pentomino_z2
D:2:      layout_rooms, hellmonk_ecumenical_altar_slurped_away, basic_altar,
          serial_bayou_lagoon_a, grunt_ministairs_15, minmay_close_crescents

Skill      XL: |  1  2  3 |
---------------+----------+-----
Axes           | 4 |  4.8
Dodging        | 4 |  4.1
Armour         | 2 |  2.3
Fighting       | |  2.8
Throwing       | |  2.0

Action                     |  1- 3 |  4- 6 || total
---------------------------+-------+-------++-------
  Melee: War axe           |    74 |    11 ||    85
         Headbutt          |    12 |     2 ||    14
         Punch             |     2 |       ||     2
 Armour: Leather armour    |    16 |       ||    16
         Ring mail         |    39 |    14 ||    53
  Dodge: Dodged            |    49 |    14 ||    63

Table legend: (Time is in decaauts)
 A = Elapsed time spent in this place.
 B = Non-inter-level travel time spent in this place.
 C = Inter-level travel time spent in this place.
 D = Time resting spent in this place.
 E = Time spent auto-exploring this place.
 F = Levels seen in this place.
 G = Mean time per level.
                   A        B        C        D        E       F      G
               +--------+--------+--------+--------+--------+-----+--------+
         Total |   1152 |   1122 |     30 |      0 |    880 |   2 |  576.0 |
       Dungeon |   1152 |   1122 |     30 |      0 |    880 |   2 |  576.0 |
               +--------+--------+--------+--------+--------+-----+--------+

Top non-repeatable levels by time:
     D:1: 1027 daAuts
     D:2: 124 daAuts
